[Event "Titled Tuesday Blitz May 2 Early 2023"]
[White "Ilamparthi A R"]
[Black "Mrudul Dehankar"]
[WhiteFideId "45015775"]
[BlackFideId "25096990"]
[WhiteElo "2348"]
[BlackElo "2139"]
[Result "0-1"]
[Round "03"]
[TimeControl "180+2"]
[Date "2023.05.02"]
[WhiteClock "0:00:05"]
[BlackClock "0:00:09"]

1. e4 c6 2. d3 d5 3. Nd2 e5 4. Ngf3 Bd6 5. d4 exd4 6. exd5 c5 7. Bb5+ Bd7 8. Qe2+ Ne7 9. Ne4 Qb6 10. Bg5 f6 11. Bh4 O-O 12. Nxd6 Qxd6 13. Bg3 Bxb5 14. Bxd6 Bxe2 15. Kxe2 Re8 16. Bxc5 Nxd5+ 17. Kd2 Nc6 18. Bxd4 Nf4 19. g3 Rad8 20. c3 Re2+ 21. Kd1 Rxf2 22. gxf4 Rxf3 23. Ke2 Nxd4+ 24. cxd4 Rxf4 25. Rac1 Rfxd4 26. Ke3 Rd3+ 27. Ke2 Rd2+ 28. Ke3 R8d3+ 29. Ke4 Rd7 30. Rc8+ Kf7 31. Ra8 a6 32. b4 Rxa2 33. Rc1 Re2+ 34. Kf3 Re5 35. Rcc8 Rb5 36. h4 Rxb4 37. h5 Ke6 38. Re8+ Kf5 39. Rac8 Rb3+ 40. Ke2 Kg5 41. Rc5+ f5 42. Rf8 g6 43. hxg6 hxg6 44. Re8 b6 45. Rce5 a5 46. R5e6 Rb2+ 47. Ke3 Rb3+ 48. Ke2 Rh7 49. Kf2 Rh2+ 50. Kg1 Rc2 51. Re1 Rg3+ 52. Kh1 Rh3+ 53. Kg1 Rhh2 54. Rg8 Rhg2+ 55. Kh1 Kh4 56. Rh8+ Kg3 57. Re3+ Kf4 58. Rh4+ Rg4 59. Rhh3 Rc1+ 60. Kh2 Rcg1 61. Rhf3+ Kg5 62. Re6 R1g2+ 63. Kh3 Rg1 64. Rfe3 Rh1# 0-1


[Site "https://www.chess.com"]

[Event "Titled Tuesday Blitz May 2 Early 2023"]
[White "Srinath, Rao S.V."]
[Black "Pakleza, Zbigniew"]
[WhiteFideId "5028876"]
[BlackFideId "1119290"]
[WhiteElo "2196"]
[BlackElo "2410"]
[Result "0-1"]
[Round "03"]
[TimeControl "180+2"]
[Date "2023.05.02"]
[WhiteClock "0:00:06"]
[BlackClock "0:00:04"]

1. e4 d6 2. Nf3 Nf6 3. c3 Bg4 4. h3 Bh5 5. Be2 e6 6. O-O Be7 7. d3 O-O 8. Be3 d5 9. e5 Nfd7 10. Nbd2 c5 11. d4 Nc6 12. Ne1 Bxe2 13. Qxe2 Qb6 14. Ndf3 cxd4 15. cxd4 Rfc8 16. Nd3 Nb4 17. Nxb4 Qxb4 18. Rfc1 Nb6 19. Ne1 Qa5 20. Nd3 Rxc1+ 21. Rxc1 Rc8 22. Rxc8+ Nxc8 23. Qc2 Qd8 24. a4 h6 25. b4 Nb6 26. Nc5 Nc4 27. Bc1 Qb6 28. Qc3 Qc6 29. b5 Qc8 30. Qg3 Kf8 31. Nb3 Nb6 32. Qd3 Kg8 33. a5 Nc4 34. Qg3 Kf8 35. Qd3 Kg8 36. Qg3 Kh8 37. Be3 Qd7 38. Qf3 Kg8 39. Qg3 Kf8 40. Bf4 Qxb5 41. Nc5 Bxc5 42. dxc5 Qxc5 43. Qh4 Qc7 44. Qg4 Nxa5 45. Bd2 Nc6 46. Qf4 Qxe5 47. Qa4 a6 48. Qa3+ Kg8 49. Qb3 Qc7 50. Qc3 Qd7 51. Bc1 d4 52. Qg3 d3 53. Bxh6 f6 54. Bd2 e5 55. Qg6 Ne7 56. Qe4 Nf5 57. Qc4+ Kh8 58. Qb4 Kh7 59. Qg4 Kg8 60. Qe4 Kf7 61. Qc4+ Qe6 62. Qc7+ Kg6 63. Qxb7 e4 64. Qb4 Qe5 65. g4 Nd4 66. Qc3 Ne2+ 67. Kf1 Nxc3 0-1


[Site "https://www.chess.com"]

[Event "Titled Tuesday Blitz May 2 Early 2023"]
[White "Andreev, Konstantin"]
[Black "Dehtiarov, Roman"]
[WhiteFideId "24239305"]
[BlackFideId "14186640"]
[WhiteElo "2106"]
[BlackElo "2189"]
[Result "1-0"]
[Round "03"]
[TimeControl "180+2"]
[Date "2023.05.02"]
[WhiteClock "0:01:24"]
[BlackClock "0:00:05"]

1. e4 e5 2. Nf3 Nc6 3. Bc4 Bc5 4. c3 Nf6 5. d4 exd4 6. b4 Be7 7. e5 Ne4 8. b5 Na5 9. Bd3 d5 10. cxd4 O-O 11. O-O Bg4 12. Nbd2 f5 13. exf6 Nxf6 14. Qc2 Bd6 15. Ne5 Bh5 16. Ndf3 Bxf3 17. Nxf3 c6 18. Bg5 cxb5 19. Bxh7+ Kh8 20. Bg6 Qd7 21. Qd3 Nc4 22. Nh4 Qg4 23. f4 Ne4 24. Bxe4 dxe4 25. Qxe4 Rae8 26. Ng6+ Kg8 27. Qd5+ Qe6 28. Qxe6+ Rxe6 29. Nxf8 Bxf8 30. Rfe1 Rd6 31. Re8 Kf7 32. Rb8 Rxd4 33. Rxb7+ Kg6 34. Rxa7 Rd3 35. Ra6+ Kh7 36. h3 Bc5+ 37. Kh2 Bf2 38. Rf1 Bg3+ 39. Kh1 Ne3 40. Rc1 Rd2 41. f5 Re2 42. Bxe3 Rxe3 43. Rb6 Re5 44. Rb1 Rxf5 45. R6xb5 Rf2 46. R5b2 Rf5 47. Rb3 Bd6 48. a4 Ra5 49. Ra1 Be5 50. Ra2 Bd6 51. Rb5 Ra6 52. a5 Bc7 53. Kg1 Kg6 54. Kf2 Kf6 55. Ke3 Ke6 56. Kd4 Kd6 57. Kc4 Kc6 58. Rc5+ Kd7 59. Kb5 Ra8 60. Rd2+ Kc8 61. a6 Rb8+ 62. Kc4 Ra8 63. Ra2 Kd7 64. a7 Bb6 65. Rb5 Kc6 66. Ra6 Kb7 67. Rbxb6+ Kc7 68. Rb8 1-0


[Site "https://www.chess.com"]

[Event "Titled Tuesday Blitz May 2 Early 2023"]
[White "Principe, Gerson"]
[Black "Sieciechowicz, Marcin"]
[WhiteFideId "3804550"]
[BlackFideId "1130170"]
[WhiteElo "2229"]
[BlackElo "2302"]
[Result "0-1"]
[Round "03"]
[TimeControl "180+2"]
[Date "2023.05.02"]
[WhiteClock "0:00:04"]
[BlackClock "0:01:36"]

1. d4 Nf6 2. Nf3 g6 3. e3 Bg7 4. Be2 O-O 5. O-O d5 6. b3 c5 7. Bb2 Ne4 8. Nbd2 Nc6 9. c4 cxd4 10. Nxe4 d3 11. Bxg7 dxe2 12. Qxe2 dxe4 13. Bxf8 exf3 14. Qxf3 Qxf8 15. Rfd1 Be6 16. Rd2 Rd8 17. Rad1 Rxd2 18. Rxd2 h5 19. Qf4 Qg7 20. h3 Qc3 21. e4 Kg7 22. Kh2 a5 23. Re2 a4 24. Re3 Qd2 25. bxa4 Bxc4 26. e5 Bxa2 27. g4 hxg4 28. hxg4 Bd5 29. g5 Nd4 30. Qh4 Nf5 0-1


[Site "https://www.chess.com"]

[Event "Titled Tuesday Blitz May 2 Early 2023"]
[White "Drori, Saar"]
[Black "Klimkowski, Jan"]
[WhiteFideId "2812444"]
[BlackFideId "21856222"]
[WhiteElo "2322"]
[BlackElo "2331"]
[Result "0-1"]
[Round "03"]
[TimeControl "180+2"]
[Date "2023.05.02"]
[WhiteClock "0:00:05"]
[BlackClock "0:00:13"]

1. e4 c5 2. Nf3 d6 3. d4 cxd4 4. Nxd4 Nf6 5. Nc3 a6 6. h3 e5 7. Nde2 h5 8. g3 Be6 9. Bg2 Nbd7 10. a4 Be7 11. Be3 Nb6 12. b3 h4 13. g4 Rc8 14. Qd2 d5 15. Bxb6 Qxb6 16. exd5 Bd7 17. a5 Qc7 18. g5 Nh7 19. g6 fxg6 20. Ne4 Qxc2 21. Qxc2 Rxc2 22. d6 Bd8 23. N4c3 Bg5 24. Rd1 Rb2 25. Bxb7 Rxb3 26. Bxa6 Ra3 27. Bd3 O-O 28. a6 Nf6 29. Bc4+ Kh8 30. Nb5 Rxa6 31. Nec3 Rc8 32. Be2 Ra5 33. Nc7 Rc5 34. N3b5 Bf4 35. Rg1 g5 36. Bd3 Bxh3 37. Rh1 Bg2 38. Rg1 Bc6 39. Na7 Rb8 40. Na6 Ra8 41. Nxc5 Rxa7 42. d7 Nxd7 43. Be4 Bxe4 44. Nxe4 Nf6 45. Nxg5 Bxg5 46. Rxg5 Ra5 47. Rg2 Kh7 48. Rh2 g5 49. Kf1 Kg6 50. Kg1 Ra3 51. f4 exf4 52. Rb2 Ne4 53. Rb4 Re3 54. Rd8 Kf5 55. Rb5+ Kg4 56. Rd1 f3 57. Rb2 f2+ 58. Kg2 Rg3+ 59. Kf1 Rg1+ 60. Ke2 Rxd1 0-1


[Site "https://www.chess.com"]

[Event "Titled Tuesday Blitz May 2 Early 2023"]
[White "Reefat, Bin-Sattar"]
[Black "Harshavardhan G B"]
[WhiteFideId "10200207"]
[BlackFideId "25059009"]
[WhiteElo "2462"]
[BlackElo "2323"]
[Result "1-0"]
[Round "03"]
[TimeControl "180+2"]
[Date "2023.05.02"]
[WhiteClock "0:01:56"]
[BlackClock "0:01:42"]

1. e4 e6 2. d4 d5 3. e5 c5 4. c3 Nc6 5. Nf3 Qb6 6. a3 c4 7. Nbd2 Na5 8. h4 Bd7 9. g3 Ne7 10. Bh3 O-O-O 11. O-O Nb3 12. Nxb3 Ba4 13. Ng5 Bxb3 14. Qe2 Rg8 15. Nxf7 Rd7 16. Nd6+ Kd8 17. Bxe6 g6 18. Bg5 1-0


[Site "https://www.chess.com"]

[Event "Titled Tuesday Blitz May 2 Early 2023"]
[White "Papasimakopoulos, Alexandros"]
[Black "Omelja, Artem"]
[WhiteFideId "4244125"]
[BlackFideId "14119846"]
[WhiteElo "2359"]
[BlackElo "2404"]
[Result "0-1"]
[Round "03"]
[TimeControl "180+2"]
[Date "2023.05.02"]
[WhiteClock "0:00:05"]
[BlackClock "0:00:12"]

1. d4 Nf6 2. c4 e6 3. Nc3 b6 4. e4 Bb4 5. e5 Ne4 6. Qf3 Bb7 7. a3 Bxc3+ 8. bxc3 O-O 9. Bd3 Nc5 10. Bxh7+ Kxh7 11. Qh3+ Kg8 12. dxc5 bxc5 13. Nf3 f6 14. O-O Nc6 15. exf6 Qxf6 16. Rb1 Ba6 17. Rd1 d6 18. Ng5 Qf5 19. Qxf5 exf5 20. Ne6 Rf7 21. Nf4 Bxc4 22. Nd5 Re8 23. Bf4 Re4 24. g3 Bxd5 25. Rxd5 Ra4 26. Ra1 Na5 27. h4 Nc4 28. Bc1 g6 29. Kf1 Re7 30. h5 Kf7 31. h6 Kg8 32. Rb1 c6 33. h7+ Kxh7 34. Rb8 cxd5 35. Bg5 Rf7 36. Rd8 Rxa3 37. Kg2 Rxc3 38. f4 Ne3+ 39. Kf3 Ng4+ 40. Ke2 Rxg3 41. Rxd6 d4 42. Rd5 Re3+ 43. Kd2 Nf2 44. Rd8 Ne4+ 45. Kc2 Nxg5 46. fxg5 f4 47. Kd2 f3 48. Rd7 Rxd7 0-1


[Site "https://www.chess.com"]

[Event "Titled Tuesday Blitz May 2 Early 2023"]
[White "Salman, Pavel"]
[Black "Kvaloy, Aksel Bu"]
[WhiteFideId "24153753"]
[BlackFideId "1528815"]
[WhiteElo "2187"]
[BlackElo "2208"]
[Result "0-1"]
[Round "03"]
[TimeControl "180+2"]
[Date "2023.05.02"]
[WhiteClock "0:00:40"]
[BlackClock "0:01:13"]

1. Nf3 d5 2. g3 Nf6 3. Bg2 Bg4 4. O-O Nbd7 5. h3 Bh5 6. d3 c6 7. Qe1 e5 8. e4 Bxf3 9. Bxf3 Bc5 10. Nd2 O-O 11. Bg2 Qc7 12. Kh2 Rad8 13. Qe2 Rfe8 14. Nb3 Bf8 15. a4 a5 16. Bd2 b6 17. Rae1 dxe4 18. dxe4 Nc5 19. Nxc5 Bxc5 20. Bc3 Bd4 21. Qc4 Bxc3 22. Qxc3 Rd4 23. b3 c5 24. Rd1 Qd6 25. Rxd4 Qxd4 26. Qxd4 cxd4 27. f3 Rc8 28. Rf2 Nd7 29. Bf1 Kf8 30. f4 Ke7 31. Bb5 Nc5 32. fxe5 Nxe4 33. Re2 Nc3 34. Rd2 Nxb5 35. axb5 Rc5 36. Rxd4 Rxc2+ 37. Kg1 Rc5 38. b4 Rxb5 39. bxa5 bxa5 40. Rg4 g6 41. Rh4 Rxe5 42. Kf2 h5 43. Rc4 Kd6 44. Kf3 Re7 45. Ra4 Ra7 46. g4 hxg4+ 47. hxg4 Kc5 48. Kf4 Kb5 49. Ra1 a4 50. Ke5 Kc4 51. g5 a3 52. Kf6 Kb3 53. Rf1 a2 54. Rf3+ Kc4 55. Rf1 a1=Q+ 56. Rxa1 Rxa1 57. Kxf7 Ra6 0-1


[Site "https://www.chess.com"]

[Event "Titled Tuesday Blitz May 2 Early 2023"]
[White "Chernov, Mikhail"]
[Black "Schmakel, Sam"]
[WhiteFideId "24143170"]
[BlackFideId "2039311"]
[WhiteElo "2113"]
[BlackElo "2356"]
[Result "0-1"]
[Round "03"]
[TimeControl "180+2"]
[Date "2023.05.02"]
[WhiteClock "0:00:03"]
[BlackClock "0:00:05"]

1. d4 d5 2. Nc3 Nf6 3. Bf4 e6 4. e3 Bb4 5. Ne2 O-O 6. h4 c5 7. a3 Bxc3+ 8. Nxc3 cxd4 9. exd4 Nc6 10. Qd2 a6 11. O-O-O b5 12. Bg5 b4 13. axb4 Nxb4 14. Rh3 Qa5 15. Qf4 Nh5 16. Qf3 g6 17. Bh6 Qa1+ 18. Kd2 Qxb2 19. Bd3 Nxd3 20. Qxd3 Bd7 21. g4 Nf6 22. Bxf8 Rxf8 23. h5 Rc8 24. hxg6 hxg6 25. f3 Qb4 26. Rb1 Qa5 27. g5 Nh5 28. Qe3 Qc7 29. Rxh5 gxh5 30. Rh1 a5 31. Rxh5 a4 32. g6 fxg6 33. Rh6 Kg7 34. Rh1 a3 35. Qh6+ Kf6 36. Qh4+ Kf7 37. Qh7+ Kf6 38. Qh4+ Kf7 39. Qh7+ Kf8 40. Qh8+ Ke7 41. Qh4+ Kd6 42. Nb5+ Bxb5 0-1


[Site "https://www.chess.com"]

[Event "Titled Tuesday Blitz May 2 Early 2023"]
[White "Lucas, Arthur"]
[Black "Bolourchifard, Farzad"]
[WhiteFideId "26093073"]
[BlackFideId "12510084"]
[WhiteElo "2251"]
[BlackElo "2317"]
[Result "0-1"]
[Round "03"]
[TimeControl "180+2"]
[Date "2023.05.02"]
[WhiteClock "0:00:02"]
[BlackClock "0:00:20"]

1. e4 e5 2. Nf3 Nc6 3. Bb5 a6 4. Ba4 Nf6 5. d3 b5 6. Bb3 Bc5 7. a4 Rb8 8. Nc3 h6 9. axb5 axb5 10. Be3 Bxe3 11. fxe3 d6 12. O-O Be6 13. Bxe6 fxe6 14. Qe1 O-O 15. Qg3 Qe8 16. Qh3 b4 17. Ne2 Qf7 18. Ng3 Ra8 19. d4 exd4 20. exd4 b3 21. c3 Ra2 22. Rxa2 bxa2 23. Ra1 Ra8 24. Qh4 Qg6 25. Qf4 Nh5 26. Nxh5 Qxh5 27. b4 e5 28. Qd2 exd4 29. Rxa2 Rxa2 30. Qxa2+ Kh7 31. cxd4 Nxd4 32. Qf2 Ne6 33. h3 Nf4 34. Nd4 Qg5 35. Kh2 Ng6 36. Nf5 Qf6 37. Qg3 Qb2 38. h4 Qe5 39. h5 Nf4 0-1


[Site "https://www.chess.com"]

[Event "Titled Tuesday Blitz May 2 Early 2023"]
[White "Baches Garcia, Guillermo"]
[Black "Kucuksari, Kaan"]
[WhiteFideId "2209764"]
[BlackFideId "6380166"]
[WhiteElo "2334"]
[BlackElo "2364"]
[Result "1-0"]
[Round "03"]
[TimeControl "180+2"]
[Date "2023.05.02"]
[WhiteClock "0:00:51"]
[BlackClock "0:00:03"]

1. e4 c5 2. Nf3 Nc6 3. d4 cxd4 4. Nxd4 Nf6 5. Nc3 e5 6. Ndb5 d6 7. Nd5 Nxd5 8. exd5 Nb8 9. a4 Be7 10. Be2 O-O 11. Bd2 Nd7 12. a5 f5 13. Bb4 Nf6 14. Qd3 Bd7 15. Nxd6 Qb8 16. Qa3 Kh8 17. c4 f4 18. O-O e4 19. Rfe1 f3 20. gxf3 Bxd6 21. Bxd6 Qe8 22. Bxf8 Qg6+ 23. Kh1 Qf7 24. Bd6 Re8 25. Bg3 Bh3 26. Bf1 Bf5 27. Bg2 Qg6 28. Re3 h5 29. Rae1 Bd7 30. fxe4 Ng4 31. R3e2 Qh6 32. h4 Nf6 33. f3 Qg6 34. Kh2 Ng8 35. Qe3 Qf7 36. e5 Bf5 37. e6 Qf6 38. Qg5 Qf8 39. e7 Qf7 40. d6 Bd7 41. Bh3 Nf6 42. Be5 Bxh3 43. Kxh3 Rg8 44. Rg2 Qe6+ 45. Kh2 Qf7 46. Bxf6 1-0


[Site "https://www.chess.com"]

[Event "Titled Tuesday Blitz May 2 Early 2023"]
[White "Yeritsyan, Hayk"]
[Black "Iliaguev, Nisim"]
[WhiteFideId "13307320"]
[BlackFideId "2817276"]
[WhiteElo "2241"]
[BlackElo "2241"]
[Result "1-0"]
[Round "03"]
[TimeControl "180+2"]
[Date "2023.05.02"]
[WhiteClock "0:00:13"]
[BlackClock "0:00:14"]

1. e4 c6 2. d3 d5 3. Nf3 Bg4 4. Be2 Bxf3 5. Bxf3 e6 6. O-O Nf6 7. Nc3 Nbd7 8. Re1 Bd6 9. exd5 cxd5 10. Nxd5 Nxd5 11. Bxd5 Qc7 12. h3 O-O 13. Bf3 Rac8 14. c3 Rfd8 15. d4 e5 16. Bg5 Re8 17. Qb3 exd4 18. cxd4 Rxe1+ 19. Rxe1 Qa5 20. Qe3 h6 21. Bh4 g5 22. Bg4 gxh4 23. Bxd7 Rd8 24. Bg4 Bf4 25. Qe4 Rxd4 26. Qe8+ Kg7 27. a3 Rd2 28. Qe4 Qc7 29. Bh5 Rxb2 30. Qd4+ Be5 31. Rxe5 Rb1+ 32. Re1+ 1-0


[Site "https://www.chess.com"]

[Event "Titled Tuesday Blitz May 2 Early 2023"]
[White "Perez Gormaz, Matias"]
[Black "Arpita, Mukherjee"]
[WhiteFideId "3406342"]
[BlackFideId "5056403"]
[WhiteElo "2362"]
[BlackElo "2129"]
[Result "1-0"]
[Round "03"]
[TimeControl "180+2"]
[Date "2023.05.02"]
[WhiteClock "0:00:17"]
[BlackClock "0:00:07"]

1. e4 c5 2. Nf3 d6 3. Bc4 Nf6 4. e5 dxe5 5. Nxe5 e6 6. Qe2 Be7 7. O-O O-O 8. Re1 a6 9. a4 Bd6 10. Ra3 Bxe5 11. Qxe5 Nc6 12. Qxc5 e5 13. Rg3 Bf5 14. d3 Rc8 15. Qe3 Bg6 16. Na3 Re8 17. b3 Nd4 18. Qg5 Kh8 19. Bxf7 Nf5 20. Bxe8 Qxe8 21. Rf3 Nd4 22. Rxf6 gxf6 23. Qxf6+ Kg8 24. Bb2 Rc6 25. Qg5 Re6 26. h4 Kf7 27. h5 Bf5 28. Bxd4 exd4 29. Qxf5+ 1-0


[Site "https://www.chess.com"]

[Event "Titled Tuesday Blitz May 2 Early 2023"]
[White "Eggink, Ryszard"]
[Black "Florescu, Codrut-Constantin"]
[WhiteFideId "1125869"]
[BlackFideId "1202200"]
[WhiteElo "2283"]
[BlackElo "2191"]
[Result "1-0"]
[Round "03"]
[TimeControl "180+2"]
[Date "2023.05.02"]
[WhiteClock "0:00:06"]
[BlackClock "0:00:09"]

1. d4 Nf6 2. c4 e6 3. Nf3 Bb4+ 4. Bd2 a5 5. g3 b6 6. Bg2 Bb7 7. O-O O-O 8. Bf4 Be7 9. Nc3 Ne4 10. Qc2 Nxc3 11. Qxc3 Be4 12. Nd2 Bxg2 13. Kxg2 d6 14. e4 Bf6 15. Rad1 c5 16. e5 cxd4 17. Qf3 dxe5 18. Qxa8 exf4 19. Nf3 e5 20. gxf4 exf4 21. Qd5 Qc8 22. Nxd4 g6 23. Qf3 Bg5 24. b3 Nd7 25. Nc6 Kg7 26. Rfe1 Nf6 27. Re5 h6 28. Rd6 Qc7 29. Rd1 Rc8 30. Ne7 Re8 31. Rde1 Qd7 32. Nd5 Rxe5 33. Rxe5 Ng4 34. Re1 h5 35. h3 Nh6 36. Re5 Nf5 37. Qe4 f3+ 38. Kh2 Qd6 39. Kh1 Qa3 40. Re8 Qc1+ 41. Kh2 Qf1 42. Qe5+ f6 43. Qc7+ Ne7 44. Qxe7+ Kh6 45. Rh8# 1-0


[Site "https://www.chess.com"]

[Event "Titled Tuesday Blitz May 2 Early 2023"]
[White "Eidelman, Gabriel"]
[Black "Nasir, Zehn"]
[WhiteFideId "30910544"]
[BlackFideId "2613239"]
[WhiteElo "2209"]
[BlackElo "1993"]
[Result "0-1"]
[Round "03"]
[TimeControl "180+2"]
[Date "2023.05.02"]
[WhiteClock "0:00:07"]
[BlackClock "0:01:16"]

1. Nf3 d5 2. e3 f5 3. b3 Nf6 4. Bb2 e6 5. d3 Be7 6. Nbd2 O-O 7. Be2 b6 8. O-O Bb7 9. Ne5 Nbd7 10. Ndf3 c5 11. Nxd7 Nxd7 12. c4 Bf6 13. Qc2 Qe7 14. Nd2 Rad8 15. Bxf6 Qxf6 16. Bf3 Ne5 17. Be2 d4 18. exd4 Rxd4 19. Rfe1 Rfd8 20. Nf1 Qg5 21. Ng3 f4 22. Ne4 Bxe4 23. dxe4 f3 24. Bf1 fxg2 25. Be2 Rd2 26. Qc3 R8d3 27. f4 Qxf4 28. Bxd3 Qf2# 0-1


[Site "https://www.chess.com"]

[Event "Titled Tuesday Blitz May 2 Early 2023"]
[White "Lopez Gracia, Fernando"]
[Black "Munoz, Francisco Javier"]
[WhiteFideId "2207184"]
[BlackFideId "128368"]
[WhiteElo "2255"]
[BlackElo "2383"]
[Result "0-1"]
[Round "03"]
[TimeControl "180+2"]
[Date "2023.05.02"]
[WhiteClock "0:01:17"]
[BlackClock "0:01:33"]

1. d4 d5 2. c4 e6 3. Nf3 Nf6 4. g3 Ne4 5. cxd5 exd5 6. Nbd2 f5 7. Bg2 Bd6 8. O-O O-O 9. Ne5 c6 10. f3 Qb6 11. Nb3 Bxe5 12. fxe4 fxe4 13. Rxf8+ Kxf8 14. Bg5 Be6 15. Qf1+ Kg8 16. e3 Bd6 17. Bf4 Bxf4 18. Qxf4 Nd7 19. Qd6 Re8 20. Rf1 Qd8 21. Rf4 Nf6 22. Qxd8 Rxd8 23. Nc5 Bc8 24. Bf1 b6 25. Nb3 Ng4 26. Be2 Nxe3 27. Kf2 Nf5 28. Bg4 Nd6 29. Bxc8 Rxc8 30. Nd2 Rf8 31. Ke3 Nf5+ 32. Ke2 Nxd4+ 0-1


[Site "https://www.chess.com"]

[Event "Titled Tuesday Blitz May 2 Early 2023"]
[White "Veiga, Jose Francisco R P Neves"]
[Black "Eynullayev, Altay"]
[WhiteFideId "1930087"]
[BlackFideId "13413562"]
[WhiteElo "2320"]
[BlackElo "2114"]
[Result "1/2-1/2"]
[Round "03"]
[TimeControl "180+2"]
[Date "2023.05.02"]
[WhiteClock "0:00:13"]
[BlackClock "0:00:10"]

1. e4 c5 2. Nf3 d6 3. Bb5+ Nd7 4. O-O a6 5. Bd3 Ngf6 6. Re1 e6 7. c3 b5 8. a4 b4 9. Bc2 Bb7 10. d4 Be7 11. Bg5 h6 12. Bh4 Rc8 13. Nbd2 bxc3 14. bxc3 cxd4 15. cxd4 O-O 16. Bd3 e5 17. Qb3 Rb8 18. Qc3 Rc8 19. Qb3 Rb8 20. dxe5 dxe5 21. Qc2 Rc8 22. Qb1 Rb8 23. Qc2 Rc8 24. Qb3 Rb8 25. Qc3 Rc8 26. Qb2 Rb8 27. Qa2 Nc5 28. Bc2 Bc8 29. Rad1 Be6 30. Qa1 Qc7 31. Qxe5 Qxe5 32. Nxe5 Rb2 33. Bb1 Nxa4 34. Nc6 Bc5 35. Nf3 Nc3 36. Rc1 Nxb1 37. Rxc5 Nd2 38. Nxd2 Rxd2 39. Bxf6 gxf6 40. f3 Kg7 41. Rec1 Rc8 42. h4 Rd7 43. Nb4 Rxc5 44. Rxc5 Rd1+ 45. Kf2 Ra1 46. Rc6 a5 47. Ra6 a4 48. Nd5 a3 49. Kg3 a2 50. Ra5 Bxd5 51. exd5 Kf8 52. Ra7 Ke8 53. Kf4 Rd1 54. Rxa2 Rxd5 55. Ra8+ Ke7 56. Rh8 h5 57. g4 hxg4 58. fxg4 Rd4+ 59. Kf3 Rd3+ 60. Ke4 Rg3 61. Kf4 Rg1 62. h5 Rf1+ 63. Kg3 Rg1+ 64. Kf3 Rf1+ 65. Kg2 Rf4 66. Kg3 Rf1 67. h6 Rh1 68. Kf4 Rh2 69. h7 Rh1 70. Kg3 Rh6 71. Kf4 Rh1 72. g5 fxg5+ 73. Kxg5 Rg1+ 74. Kh6 Rh1+ 75. Kg7 Rg1+ 76. Kh6 Rh1+ 77. Kg5 Rg1+ 78. Kf4 Rh1 79. Kg3 Rh6 80. Kg4 Rh1 81. Kg5 1/2-1/2


[Site "https://www.chess.com"]

[Event "Titled Tuesday Blitz May 2 Early 2023"]
[White "Pasti, Aron"]
[Black "Borgaonkar Akshay"]
[WhiteFideId "785857"]
[BlackFideId "25639110"]
[WhiteElo "2173"]
[BlackElo "2063"]
[Result "0-1"]
[Round "03"]
[TimeControl "180+2"]
[Date "2023.05.02"]
[WhiteClock "0:00:01"]
[BlackClock "0:00:05"]

1. e4 c5 2. d4 cxd4 3. c3 dxc3 4. Nxc3 e6 5. Nf3 a6 6. Bc4 Nc6 7. O-O d6 8. Qe2 Be7 9. Rd1 Qc7 10. Bf4 Ne5 11. Bxe5 dxe5 12. Rac1 Nf6 13. Nd5 exd5 14. Bb5+ Bd7 15. Rxc7 Bxb5 16. Qc2 Bd8 17. Rxb7 O-O 18. exd5 Ba5 19. Nxe5 Rac8 20. Qf5 Nxd5 21. Rxf7 Rfe8 22. Rxg7+ Kxg7 23. Qf7+ Kh8 24. Qxd5 Bc7 25. Nf7+ Kg7 26. Nd6 Red8 27. Nxc8 Rxd5 28. Rxd5 Kf6 29. Nd6 Be2 30. Rd2 Bh5 31. Ne4+ Ke5 32. Ng3 Bg6 33. Re2+ Kf4 34. h4 Bb6 35. h5 Bd3 36. Rd2 Bb5 37. Rd6 Bc5 38. Rf6+ Kg4 39. Rf5 Bd6 40. Rxb5 axb5 41. Ne4 Be5 42. f3+ Kf4 43. Nc3 b4 44. Nd5+ Kg5 45. Nxb4 Bxb2 46. a4 Kxh5 47. a5 Kh4 48. a6 Kg3 49. Nc6 Ba3 0-1


[Site "https://www.chess.com"]

[Event "Titled Tuesday Blitz May 2 Early 2023"]
[White "Djokic, Mihailo"]
[Black "Stanojevic, Ilija"]
[WhiteFideId "976440"]
[BlackFideId "959995"]
[WhiteElo "2294"]
[BlackElo "2138"]
[Result "1-0"]
[Round "03"]
[TimeControl "180+2"]
[Date "2023.05.02"]
[WhiteClock "0:01:17"]
[BlackClock "0:00:03"]

1. e4 e5 2. Nf3 Nc6 3. Nc3 Nf6 4. Bb5 Nd4 5. Nxd4 exd4 6. e5 c6 7. exf6 Qxf6 8. Qe2+ Qe7 9. Ne4 cxb5 10. O-O Kd8 11. Qd3 d5 12. Ng3 Be6 13. b3 Qf6 14. Bb2 Bc5 15. Qxb5 Bb6 16. a4 Qe7 17. a5 Qc5 18. Qd3 Bc7 19. Bxd4 Qd6 20. Bxg7 Rg8 21. Bf6+ Kd7 22. Rfe1 h5 23. Be5 Qc5 24. Bxc7 Qxc7 25. Qd4 h4 26. Qxh4 Rh8 27. Qf6 Rag8 28. c4 dxc4 29. bxc4 Qxc4 30. Rac1 Qh4 31. Qxh4 Rxh4 32. Ne4 1-0


[Site "https://www.chess.com"]

[Event "Titled Tuesday Blitz May 2 Early 2023"]
[White "Xu, Daniel"]
[Black "Kim, Sergey"]
[WhiteFideId "2627345"]
[BlackFideId "13700570"]
[WhiteElo "1980"]
[BlackElo "2295"]
[Result "0-1"]
[Round "03"]
[TimeControl "180+2"]
[Date "2023.05.02"]
[WhiteClock "0:00:00"]
[BlackClock "0:01:06"]

1. e4 e5 2. Nf3 Nc6 3. Bb5 a6 4. Ba4 Nf6 5. O-O b5 6. Bb3 Bc5 7. Re1 d6 8. c3 h6 9. d4 Bb6 10. dxe5 Nxe5 11. Nxe5 dxe5 12. Qxd8+ Kxd8 13. Be3 Bxe3 14. Rxe3 Ke7 15. Nd2 Bb7 16. f3 Rhd8 17. Nf1 Nd7 18. Re2 Nc5 19. Bc2 Rd6 20. Ne3 g6 21. b4 Nd3 22. Rd1 Nf4 23. Red2 h5 24. Rxd6 cxd6 25. Kf2 Rc8 26. g3 Nh3+ 27. Kg2 Rxc3 28. Rd3 Rxd3 29. Bxd3 Ng5 30. h4 Ne6 31. Kf2 Nd4 32. Nc2 Nxc2 33. Bxc2 d5 34. exd5 Bxd5 35. a4 Bc6 36. axb5 Bxb5 37. Ke3 f5 38. f4 Kf6 39. Bb3 Bf1 40. fxe5+ Kxe5 41. Bf7 Kf6 42. Be8 Bc4 43. Kd4 Bf1 0-1


[Site "https://www.chess.com"]

[Event "Titled Tuesday Blitz May 2 Early 2023"]
[White "Korchmar, Vasiliy"]
[Black "Srebrnic, Marko"]
[WhiteFideId "24131750"]
[BlackFideId "14603616"]
[WhiteElo "2370"]
[BlackElo "2341"]
[Result "1-0"]
[Round "03"]
[TimeControl "180+2"]
[Date "2023.05.02"]
[WhiteClock "0:01:50"]
[BlackClock "0:00:19"]

1. e4 c5 2. Nf3 Nc6 3. d4 cxd4 4. Nxd4 e5 5. Nb5 d6 6. c4 Be7 7. Bd3 Be6 8. O-O Rc8 9. N1c3 a6 10. Na3 Bg5 11. Nd5 Bxc1 12. Rxc1 Nge7 13. Qb3 b5 14. cxb5 Nd4 15. Qa4 Nxd5 16. Rxc8 Qxc8 17. exd5 Bxd5 18. bxa6+ Bc6 19. Qb4 Qg4 20. Qb8+ Kd7 21. Qa7+ Ke6 22. f3 Nxf3+ 23. Kh1 Nh4 24. Qxf7# 1-0


[Site "https://www.chess.com"]

[Event "Titled Tuesday Blitz May 2 Early 2023"]
[White "Ljukin, Sergei"]
[Black "Shyaamnikhil P"]
[WhiteFideId "14102200"]
[BlackFideId "5024218"]
[WhiteElo "2312"]
[BlackElo "2389"]
[Result "0-1"]
[Round "03"]
[TimeControl "180+2"]
[Date "2023.05.02"]
[WhiteClock "0:00:13"]
[BlackClock "0:01:03"]

1. e4 c5 2. Nf3 Nc6 3. d4 cxd4 4. Nxd4 e5 5. Nb5 a6 6. Nd6+ Bxd6 7. Qxd6 Qe7 8. Qxe7+ Ngxe7 9. Nc3 Nb4 10. Kd1 d6 11. a3 Nbc6 12. Be3 Be6 13. Bd3 O-O-O 14. Ke2 d5 15. exd5 Nxd5 16. Nxd5 Bxd5 17. f3 g6 18. Rhd1 f5 19. Bb6 Rd7 20. c4 Be6 21. b4 Re8 22. Kf2 Nd4 23. b5 Bf7 24. a4 e4 25. bxa6 bxa6 26. fxe4 fxe4 27. Be2 e3+ 28. Kf1 Nxe2 29. Kxe2 Bxc4+ 30. Ke1 Rf7 0-1


[Site "https://www.chess.com"]